 Dungeon Crawl Stone Soup version 0.30.2 (webtiles) character file.

Game seed: 536887224323239633

2590 porpoise the Cleaver (level 9, -1/72 HPs)
             Began as a Demonspawn Fighter on Mar 27, 2024.
             Was a Follower of Qazlal.
             Slain by a killer bee (2 damage)
             ... on level 8 of the Dungeon.
             The game lasted 00:22:33 (7138 turns).

porpoise the Cleaver (Demonspawn Fighter)           Turns: 7138, Time: 00:22:34

Health: -1/72      AC: 11    Str: 24    XL:     9   Next: 33%
Magic:  13/13      EV:  9    Int: 10    God:    Qazlal [*.....]
Gold:   401        SH:  6    Dex: 13    Spells: 8/8 levels left

rFire   + . .        a - +1 war axe (heavy)
rCold   . . .        c - +0 buckler
rNeg    . . .        b - +0 scale mail
rPois   .            p - +1 helmet of Elyvilon, Shifting {rF+ Str+4 Stlth+}
rElec   .            E - +0 cloak
rCorr   .            G - +0 pair of gloves
SInv    .            (no boots)
Will    .....        (no amulet)
Stlth   +            (no ring)
HPRegen 0.32/turn    (no ring)
MPRegen 0.13/turn

%: no passive effects
@: lethally poisoned (-1 -> -25)
A: ignite blood 1, powered by death 2, weakness stinger 2
a: Renounce Religion


You were on level 8 of the Dungeon.
You worshipped Qazlal.
Qazlal was aware of your devotion.
You visited 2 branches of the dungeon, and saw 9 of its levels.

You collected 412 gold pieces.
You spent 11 gold pieces at shops.

Inventory:

Hand Weapons
 a - a +1 heavy war axe (weapon)
Missiles
 o - 3 javelins
 q - 16 poisoned darts
 w - a boomerang (quivered)
Armour
 b - a +0 scale mail (worn)
 c - a +0 buckler (worn)
 p - the +1 helmet of Elyvilon, Shifting (worn) {rF+ Str+4 Stlth+}
   (You found it on level 2 of the Dungeon)

   Str:       It affects your strength (+4).
   rF:        It protects you from fire.
   Stlth:     It makes you more stealthy.
 E - a +0 cloak (worn)
 G - a +0 pair of gloves (worn)
Wands
 x - a wand of polymorph (12)
 y - a wand of iceblast (13)
 C - a wand of mindburst (22)
Scrolls
 d - 2 scrolls of enchant weapon
 e - a scroll of immolation
 f - 2 scrolls of fog
 h - 4 scrolls of identify
 i - a scroll of amnesia
 j - a scroll of noise
 l - 2 scrolls of blinking
 n - a scroll of poison {unknown}
 s - a scroll of summoning
 t - a scroll of enchant armour {unknown}
 u - a scroll of brand weapon
 z - a scroll of teleportation
 A - a scroll of vulnerability {unknown}
 B - 3 scrolls of fear
 D - a scroll of silence {unknown}
Potions
 g - 3 potions of lignification
 k - 2 potions of mutation
 r - 2 potions of attraction {unknown}
 v - 2 potions of heal wounds {unknown}


   Skills:
 - Level 7.0 Fighting
 * Level 8.4 Axes
 + Level 2.8 Armour
 + Level 0.3 Dodging
 - Level 5.0 Shields
 + Level 5.5 Invocations


You had 8 spell levels left.
You didn't know any spells.
Your spell library contained the following spells:

 Spells                   Type           Power      Damage    Failure   Level
 Sting                    Tmut/Pois      0%         1d3       73%         1
 Blink                    Tloc           0%         N/A       86%         2
 Anguish                  Hex/Necr       0%         N/A       100%        4
 Cause Fear               Hex            0%         N/A       100%        4
 Manifold Assault         Tloc           0%         N/A       100%        4
 Petrify                  Tmut/Erth      0%         N/A       100%        4
 Metabolic Englaciation   Hex/Ice        0%         N/A       100%        5
 Statue Form              Tmut/Erth      0%         N/A       100%        6
 Enfeeble                 Hex            0%         N/A       100%        7
 Storm Form               Tmut/Air       0%         N/A       100%        7


Dungeon Overview and Level Annotations

Branches:
Dungeon (8/15)             Temple (1/1) D:6            Lair (0/5) D:8

Altars:
Ashenzari
Cheibriados
Dithmenos
Fedhas
Gozag
Hepliaklqana
Kikubaaqudgha
Makhleb
Nemelex Xobeh
Okawaru
Qazlal
Ru
Sif Muna
Trog
Uskayaw
Vehumet
Wu Jian
Xom
Yredelemnul

Shops:
D:1 ?   D:3 =   D:5 *   D:7 ((


Innate Abilities, Weirdness & Mutations

Your demonic aura sometimes causes spilled blood to erupt in flames.
You regenerate health from kills.
You have a tail ending in a sharp stinger.


Message History

You miss the killer bee.
The killer bee is moderately wounded.
The killer bee closely misses you. The killer bee barely misses you.
A killer bee comes into view.
The killer bee barely misses you.
The killer bee moves out of view.
You closely miss the killer bee. You tail-slap the killer bee.
The killer bee is heavily wounded.
The killer bee barely misses you. The killer bee closely misses you.
You block the killer bee's attack. The killer bee barely misses you.
You closely miss the killer bee.
Your tail-slap misses the killer bee.
The killer bee is heavily wounded.
The killer bee barely misses you. The killer bee completely misses you.
You closely miss the killer bee.
Your tail-slap misses the killer bee.
You miss the killer bee. The killer bee barely misses you.
You block the killer bee's attack.
The killer bee stings you but does no damage.
You block the killer bee's attack. The killer bee stings you.
* * * LOW HITPOINT WARNING * * *
You are lethally poisoned!
The killer bee poisons you!
The killer bee stings you but does no damage.
You feel better. The killer bee stings you.
* * * LOW HITPOINT WARNING * * *
The killer bee stings you but does no damage. x2
You block the killer bee's attack.
You hit the killer bee.
The killer bee is moderately wounded.
You miss the killer bee. The killer bee stings you.
* * * LOW HITPOINT WARNING * * *
You are lethally poisoned!
The killer bee poisons you! The killer bee stings you.
* * * LOW HITPOINT WARNING * * *
You are more poisoned.
The killer bee poisons you!
The killer bee stings you but does no damage.
The killer bee stings you.
* * * LOW HITPOINT WARNING * * *
You are more poisoned.
The killer bee poisons you! The killer bee stings you.
You die...

,,,,*,,,,,*,,,,,***,,,,,*,**,****
,,,*,,,,,,*,,,,,,#.###.****,,*,,,
,,***,,,,,*,,,,,*.....## *,,*,**
**,,,***,*,,,,,,*......* *,,*,,,
,,,,,,,,***,,,,,*.....#* **,,,,,*
**,,,***,..##*,*,..,..# *,,.,,**
,,***,,,,,....###.,,..# *,..,,,,
**,,,***,..###..y###.#####...,,**
,,,>,,,,**#....y@.†.##......,,***
**,,,***,..###...###....#*,,,,,,,
,,***,,,,,....######....###**,***
**,,,***,..##***#.........#,,,,**
,,,,,,,,***,,,#...#.#...#.#,*,,**
**,,,**** ***,..#*#.#...#,#,*,,**
,,**** **.** #.#...+,,,*,,**
*,,**** *****,,* #.#...#,*,,,,**
**,,,,***,,,,,****#.##..#,*,**,**


You could see 2 killer bees.

Vanquished Creatures
  A wyvern (D:7)
  Duvessa (D:7)
  A sky beast (D:6)
  2 ice beasts
  A black bear (D:4)
  An orc warrior (D:7)
  3 ogres
  2 centaurs
  3 phantoms (D:6)
  2 bullfrogs (D:6)
  4 scorpions
  Dowan (D:7)
  2 killer bees (D:8)
  2 howler monkeys
  An orc priest (D:4)
  4 hounds (D:6)
  4 iguanas
  Natasha (thrice) (D:2)
  4 orc wizards
  7 gnolls
  7 adders
  A shadow imp (D:6)
  An ufetubus (D:7)
  A worm (D:3)
  8 dart slugs
  13 orcs
  7 endoplasms
  5 giant cockroaches
  7 goblins
  3 hobgoblins
  10 jackals
  4 kobolds
  3 quokkas (D:1)
  2 ball pythons (D:1)
  3 bats
  4 frilled lizards
  8 rats
136 creatures vanquished.

Notes
Turn   | Place    | Note
-------+----------+-------------------------------------------
     0 | D:1      | porpoise the Demonspawn Fighter began the quest for the
                  | Orb.
     0 | D:1      | Reached XP level 1. HP: 18/18 MP: 1/1
    40 | D:1      | Reached skill level 2 in Axes
   119 | D:1      | Gained mutation: You have a small tail. [demonic ancestry]
   119 | D:1      | Reached XP level 2. HP: 24/24 MP: 2/2
   682 | D:1      | Found Toreinn's Magic Scroll Emporium.
   685 | D:1      | Bought a scroll of noise for 11 gold pieces
   826 | D:1      | Gained mutation: You regenerate a little health from kills.
                  | [demonic ancestry]
   826 | D:1      | Reached XP level 3. HP: 29/29 MP: 3/3
  1177 | D:2      | Noticed Natasha
  1183 | D:2      | Killed Natasha
  1184 | D:2      | Reached skill level 3 in Axes
  1184 | D:2      | Reached XP level 4. HP: 16/35 MP: 4/4
  1375 | D:2      | Noticed Natasha
  1384 | D:2      | Killed Natasha
  1546 | D:2      | Noticed Natasha
  1553 | D:2      | Killed Natasha
  1554 | D:2      | Gained mutation: You have a tail ending in a sharp stinger.
                  | [demonic ancestry]
  1554 | D:2      | Reached XP level 5. HP: 22/42 MP: 5/5
  1699 | D:2      | Identified the +1 helmet of Elyvilon, Shifting {rF+ Str+4
                  | Stlth+}
  1847 | D:3      | Found Ciaschaj's Jewellery Shop.
  2331 | D:3      | Found a faded altar of an unknown god.
  2336 | D:3      | Got Plato's Enchiridion on Pestilence
  2375 | D:3      | Reached skill level 4 in Axes
  2386 | D:3      | Found a snail-covered altar of Cheibriados.
  2550 | D:3      | Noticed an ogre
  2555 | D:3      | Killed an ogre
  2556 | D:3      | Reached XP level 6. HP: 28/48 MP: 6/6
  3288 | D:4      | Reached skill level 5 in Axes
  3511 | D:4      | Gained mutation: Your demonic aura sometimes causes spilled
                  | blood to erupt in flames. [demonic ancestry]
  3511 | D:4      | Reached XP level 7. HP: 28/55 MP: 7/7
  3789 | D:5      | Entered Level 5 of the Dungeon
  3889 | D:5      | Reached skill level 5 in Fighting
  4154 | D:5      | Found Quegg's Overcharged Wands.
  4712 | D:5      | Reached skill level 6 in Axes
  4912 | D:6      | Found a staircase to the Ecumenical Temple.
  4915 | D:6      | Reached XP level 8. HP: 63/63 MP: 8/8
  4938 | Temple   | Entered the Ecumenical Temple
  5207 | Temple   | Became a worshipper of Qazlal Stormbringer
  5251 | D:6      | Reached skill level 5 in Shields
  5251 | D:6      | Reached skill level 1 in Invocations
  5626 | D:6      | Reached skill level 7 in Axes
  6051 | D:7      | Gained mutation: You regenerate health from kills. [demonic
                  | ancestry]
  6051 | D:7      | Reached XP level 9. HP: 66/71 MP: 12/12
  6526 | D:7      | Found Peojul's Antique Weapon Shoppe.
  6567 | D:7      | Reached * piety under Qazlal
  6583 | D:7      | Reached skill level 8 in Axes
  6583 | D:7      | Reached skill level 5 in Invocations
  6755 | D:7      | Noticed Duvessa
  6756 | D:7      | Noticed Dowan
  6760 | D:7      | Killed Duvessa
  6760 | D:7      | Killed Dowan
  6907 | D:7      | Found Boho's Hydra Hut.
  6909 | D:7      | Noticed a six-headed hydra
  7136 | D:8      | HP: 2/72 [killer bee (6)]
  7138 | D:8      | Slain by a killer bee

Illustrated notes

Levels and vault maps discovered:
D:1:      lightli_arrival_quake, layout_basic, serial_shops,
          nicolae_shop_real_fake_doors, interstate_on_off,
          hangedman_abyss_or_decor_lesser_grid
D:2:      layout_basic, uniq_natasha
D:3:      layout_basic, kennysheep_slug_shrine,
          shapermc_ecumenical_altar_rom_forum, serial_shops,
          nicolae_square_shop, minmay_door_square, minmay_fractal_squares_5
D:4:      layout_basic
D:5:      layout_basic, minmay_misc_feat_x, nicolae_shop_overcharged_wands
D:6:      layout_basic, minmay_temple_entry_slanted
D:7:      layout_rooms, serial_shops, nicolae_shop_crystal,
          doesnt_shop_hydraphobe, uniq_duvessa
D:8:      nicolae_BIG_FREAKIN_CUBE, layout_basic, enter_ossuary_3,
          nicolae_shop_sticking_my_neck_out, uniq_amaemon
Temple:   mainiacjoe_temple_hex_bubbles

Skill      XL: |  1  2  3  4  5  6  7  8  9 |
---------------+----------------------------+-----
Axes           | 2 3 4 5 6 7 8 |  8.4
Shields        | 3 4 5 |  5.0
Fighting       | 4 5 6 7 |  7.0
Invocations    | 4 5 |  5.5
Armour         | |  2.8
Dodging        | |  0.3

Action                     |  1- 3 |  4- 6 |  7- 9 || total
---------------------------+-------+-------+-------++-------
  Melee: War axe           |   112 |   167 |   113 ||   392
         Tailslap          |     9 |    17 |    15 ||    41
  Throw: Dart              |       |     4 |       ||     4
         Boomerang         |       |       |     8 ||     8
    Use: Scroll            |     1 |     5 |     7 ||    13
         Potion            |       |     2 |     3 ||     5
 Armour: Scale mail        |    54 |    80 |    65 ||   199
  Dodge: Dodged            |    50 |    77 |    68 ||   195
  Block: Buckler           |    25 |    47 |    34 ||   106
